[Event "ITT 1st Parada Jamundi 2022"]
[Site "Jamundi Valle"]
[Date "2022.12.11"]
[Round "10.14"]
[White "Luligo Bejarano, Luis Angel"]
[Black "Borrero, Alexander"]
[Result "1/2-1/2"]
[ECO "B11"]
[WhiteElo "1675"]
[BlackElo "1988"]
[Annotator "TA"]
[PlyCount "81"]
[EventDate "2022.12.05"]
[EventType "swiss"]
[EventCountry "COL"]
[SourceTitle "playchess.com"]
[Source "ChessBase"]
[SourceQuality "1"]
[TimeControl "5400+30"]

1. e4 c6 2. Nc3 d5 3. Nf3 Bg4 4. h3 Bxf3 5. Qxf3 Nf6 6. d3 e5 {[%emt 0:04:16] B11: Caro-Kann: Two Knights Variation.} 7. exd5 cxd5 8. g4 {[%emt 0:06:46][%cal Bg2g4,Bg4g5][%mdl 32] [#]} Nc6 $146 {[%emt 0:06:21] White has an edge.} ({Predecessor:} 8... Bb4 9. Bd2 Nc6 10. Bg2 d4 11. Nb1 O-O 12. O-O Rc8 13. a3 Be7 14. c4 a5 {½-½ (77) Akhmadeev,V (2445)-Fradkin,B (2345) Omsk/Perm 1998}) 9. Bg2 Bb4 10. g5 {[%emt 0:07:34] Inhibits d4.} e4 11. Qd1 (11. Qe2 $14 Nd7 12. O-O) 11... Nd7 (11... d4 $5 12. a3 Bxc3+ 13. bxc3 Nd5 $14) 12. O-O Bxc3 13. bxc3 O-O 14. dxe4 dxe4 15. Bxe4 Re8 16. Bd5 Qe7 (16... Qc7 $11) 17. Be3 {[%emt 0:20:54] This pair of bishops is nice.} (17. Bf4 {is more complex.} Nb6 18. Bb3 Qe4 19. Qg4) 17... Nde5 18. Bxc6 (18. Bg2 $14) 18... bxc6 19. Bf4 Rad8 20. Qe2 f6 (20... Rd6 {simplifies} 21. Qxe5 Qxe5 22. Bxe5 Rxe5 23. h4 h6) 21. Bxe5 fxe5 22. Qe3 Qf7 23. Rfd1 Qf5 24. Rd3 e4 25. Rxd8 Rxd8 $14 {[%emt 0:00:05][%mdl 4096] Endgame KQR-KQR} 26. Re1 Rf8 27. Re2 Rb8 (27... Qf4 {simplifies} 28. Qxf4 Rxf4 29. Kg2 Kf7) 28. Qxe4 (28. Qxa7 Rb1+) 28... Qxg5+ 29. Kh2 {[%emt 0:00:23] [#] Qe6+ is the strong threat.} (29. Kf1 {seems wilder.} Rf8 30. Qxc6 Qc1+ 31. Re1) 29... Rf8 30. Qxc6 Qf4+ 31. Kg1 (31. Kg2 {looks sharper.} Qg5+ 32. Kf1 Qc1+ 33. Re1) 31... h6 (31... Qc1+ $11 32. Kg2 (32. Kh2 Qf4+ 33. Kg2 Qg5+ 34. Kf1 Qc1+ 35. Re1 Qxc2 $14) 32... Qg5+ 33. Kf1 Qc1+ 34. Kg2 Qg5+ 35. Kf1 Qc1+ 36. Re1 (36. Kg2 Qg5+ $14) 36... Qxc2 37. Qd5+ Kh8) 32. Qe6+ (32. Qd5+ {feels hotter.} Kh7 33. Kg2 Qf6 34. Qd3+) 32... Kh8 33. Qe3 {[%emt 0:00:16] Against Qc1+} Qf5 34. c4 ({Of course not} 34. Qxa7 Qg5+ 35. Kh2 Qf4+ 36. Kg1 Qg5+ 37. Kh2 Qf4+ 38. Kg1 Qg5+ $11) 34... Rb8 (34... Qg6+ $142 35. Qg3 Qxg3+ 36. fxg3 Rf3) 35. Qe5 ({Reject} 35. Qxa7 $6 Rb1+ 36. Kg2 Qg5+ 37. Kf3 Qh5+ 38. Ke3 Qe5+ 39. Kf3 Qf5+ 40. Kg2 Qg6+ 41. Kf3 Qh5+ 42. Ke3 Qe5+ 43. Kf3 Qf5+ 44. Kg3 Qg6+ 45. Kf3 Qf6+ 46. Kg2 Qg6+ 47. Kf3 $11) 35... Qg6+ 36. Qg3 (36. Kh2 $16 Rb1 37. Qe8+ Kh7 38. Qxg6+ Kxg6 39. Re3) 36... Rb1+ $11 {[%emt 0:05:01] The position is equal.} 37. Kh2 Qc6 {[%emt 0:00:22][%csl Gc6][%cal Rb1h1] [#]} 38. Qg2 {[%emt 0:01:00] Prevents Rh1+.} Qc7+ 39. Qg3 Qc6 40. Qg2 {[%emt 0:00:04] Inhibits Rh1+.} Qc7+ 41. Qg3 {[%emt 0:02:24] Weighted Error Value: White=0.20 (precise) /Black=0.21 (precise)} 1/2-1/2

[Event "ITT 1st Parada Jamundi 2022"]
[Site "Jamundi Valle"]
[Date "2022.12.11"]
[Round "10.15"]
[White "Simancas Maradei, Miguel Alejand"]
[Black "Franco, Jhonier"]
[Result "0-1"]
[ECO "A10"]
[WhiteElo "2027"]
[BlackElo "1900"]
[Annotator "TA"]
[PlyCount "50"]
[EventDate "2022.12.05"]
[EventType "swiss"]
[EventCountry "COL"]
[SourceTitle "playchess.com"]
[Source "ChessBase"]
[SourceQuality "1"]
[TimeControl "5400+30"]

1. c4 b5 2. e3 bxc4 3. Bxc4 d5 4. Bb3 Nf6 5. Nf3 e6 6. O-O {[%emt 1:26:44] A10: English Opening: Unusual Replies for Black.} g5 {[%emt 1:27:16] [#]} ({Better is} 6... Be7 $11) 7. Nc3 $146 (7. Nxg5 Nbd7 8. Nc3) (7. Nxg5 $142 Ba6 8. Re1) ({Predecessor:} 7. Nxg5 Rg8 8. Nf3 Bd6 9. d4 Ne4 10. Nc3 Ba6 11. Bc2 Bxf1 12. Qxf1 f5 13. Nb5 {0-1 (36) Simancas Maradei,M (2027)-Franco,J (1900) Palmira 2022}) 7... Rg8 8. Qc2 {[%emt 0:00:00] White is better.} Ba6 {[%emt 0:00:00] Against d4} (8... Bb7 $142) 9. Ba4+ (9. Re1 $142 $1) 9... Nfd7 (9... Nbd7 $142) 10. Re1 (10. Qxh7 Rg7 11. Qc2 (11. Qh8 Bxf1 12. Kxf1 c6 $15) 11... Bxf1 12. Kxf1 c6 $11) (10. Rd1 $142 $1) 10... g4 {[%emt 0:00:00] Against d4} ({Black should play} 10... c6) 11. Ne5 $16 (11. Qxh7 Rg7 12. Qh5 (12. Bxd7+ $2 Nxd7 13. Qh4 gxf3 $19) 12... gxf3 13. Qxf3 c6 $19) 11... c6 {[%emt 0:00:00] Against e4} 12. Nxc6 (12. Qxh7 Rg7 13. Qh5 Nxe5 14. Qxe5 Rh7 $11) 12... Nxc6 13. Bxc6 Bd6 (13... Rc8 $16 14. Qa4 (14. Qxh7 $2 Rxc6 15. Qxg8 Qh4 $19) 14... Bd3) 14. Qxh7 (14. Qa4 $1 $18 Bd3 15. Bxa8 Qxa8 16. Ne2) 14... Ke7 {[%emt 0:00:00] [#] And now ...Rh8 would win.} 15. Nxd5+ $2 (15. Qh4+ $1 $16 {is forced if you want to stay better.} Ke8 16. Qxd8+ Rxd8 17. d4) 15... exd5 $19 16. Bxd5 {[%emt 0:00:01][%csl Gd5][%cal Rh7f7] [#]} Qf8 {[%emt 0:00:00] White must now prevent ...Nf6. Really sharp!} 17. Qe4+ (17. g3 Nf6) 17... Kd8 $2 ({Black should try} 17... Ne5 $19 {Hoping for ...Bd3.} 18. Bxa8 (18. d4 $2 f5 $19) 18... Qxa8 19. Qxa8 Rxa8) 18. Bxa8 $4 {[%emt 0:00:54][%mdl 8192] [#]} (18. Bc4 $11 Bxc4 19. Qxa8+ Ke7 20. Qxf8+ (20. Qxa7 {leads to mate.} Bxh2+ 21. Kxh2 Qh6+ 22. Kg1 Rh8 23. Qa3+ Ke6) (20. Qe4+ Be6 $11) 20... Nxf8 21. b3) 18... Bxh2+ $1 {[%emt 0:00:00][%mdl 576] Decoy. Black mates.} 19. Kxh2 Qh6+ 20. Kg3 Rh8 21. Rh1 Qxh1 22. Qf5 Qh4+ {[%emt 0:00:00][%mdl 64] Deflection} 23. Kf4 Qxf2+ 24. Bf3 gxf3 25. gxf3 Rh4+ {[%emt 0:00:00] Weighted Error Value: White=0.63/Black=0.40} 0-1

[Event "ITT 1st Parada Jamundi 2022"]
[Site "Jamundi Valle"]
[Date "2022.12.11"]
[Round "10.16"]
[White "Chavarro, Jeffry"]
[Black "Renteria, Rolando"]
[Result "1-0"]
[ECO "C41"]
[WhiteElo "2020"]
[BlackElo "2046"]
[Annotator "TA"]
[PlyCount "63"]
[EventDate "2022.12.05"]
[EventType "swiss"]
[EventCountry "COL"]
[SourceTitle "playchess.com"]
[Source "ChessBase"]
[SourceQuality "1"]
[TimeControl "5400+30"]

1. e4 e5 2. Nf3 d6 3. d4 exd4 4. Nxd4 Nf6 5. Nc3 Be7 6. Be2 O-O 7. O-O Re8 8. Kh1 {[%emt 0:01:29] C41: Philidor Defence.} Bf8 {[%emt 0:05:06] [#]} 9. Bf3 $146 (9. Bg5) ({Predecessor:} 9. Bg5 h6 10. Bh4 g5 11. Bg3 Nxe4 12. Nxe4 Rxe4 13. f4 gxf4 14. Bxf4 Nc6 15. Nxc6 bxc6 {½-½ (166) Cori Tello,D (2386)-Demuth,A (2538) Cap d'Agde 2017}) 9... h6 10. g4 {[%emt 0:00:52] The position is equal.} Nh7 11. Be3 Bd7 12. Qd2 Nc6 (12... Ng5 $5 ) 13. Nf5 ({White should try} 13. Be2 $11) 13... Ne5 (13... g6 $1 $15) 14. Be2 $14 Ng6 (14... Nf6 $11) 15. Rg1 Be7 16. f4 Bc6 17. g5 {[%emt 0:05:29] Prevents Bf6.} (17. Qd4 $2 Bf6 18. Qd1 Bxc3 19. bxc3 Rxe4 $19) 17... hxg5 18. fxg5 ({But not} 18. Qd4 $2 Bf6 19. Qc4 Bxc3 $19) 18... Bf8 $1 19. Qd4 Re5 20. Raf1 {[%emt 0:00:00] Strongly threatening Bc4.} Qe8 21. Rg4 Qd7 {[%emt 0:00:00] Inhibits h4.} 22. Bf3 (22. Ng3 {looks sharper.} Re7 23. Nd5 Bxd5 24. Qxd5 Ne5 25. Nf5) 22... Rae8 23. h4 (23. Qxa7 $2 b6 24. Bxb6 cxb6 25. Qxd7 Bxd7 $19) (23. Rg3 $14) 23... Rxf5 (23... d5 {seems wilder.} 24. Rg3 dxe4 25. Qxd7 Bxd7 26. Bg4 Be6) 24. exf5 Qxf5 25. Ne4 $2 {[%emt 0:00:00][%mdl 8192] Now White is beyond hope.} (25. Kg2 $15 Ne5 26. Bxc6 Qxg4+ 27. Qxg4 Nxg4 28. Bxe8 Nxe3+ 29. Kg1 Nxf1 30. Kxf1) 25... Qxg4 {[%emt 0:00:00][%mdl 64] [#] Deflection} 26. Bxg4 {[%emt 0:00:00] Threatens to win with Bf3.} Rxe4 27. Qxe4 Bxe4+ 28. Kg1 (28. Bf3 {was worth a try.} Bxf3+ 29. Rxf3) 28... Nxh4 $19 {[%emt 0:00:00] Black is clearly winning.} 29. Rf4 d5 (29... Bxc2 $2 {too greedy.} 30. Rc4 Bf5 31. Bh5 $19) (29... Nxg5 $2 {loses.} 30. Bc8 Ng6 31. Rxe4 Nxe4 32. Bxb7) 30. Bh5 (30. Bc8 $142 Nxg5 31. Kf1) 30... Nf5 31. Bxa7 Bd6 {[%emt 0:00:27] Inhibits g6.} 32. Rf1 {[%emt 0:00:01][%mdl 32768] Weighted Error Value: White=0.51/Black=0.18 (very precise) . Loss on time!?} 1-0

[Event "ITT 1st Parada Jamundi 2022"]
[Site "Jamundi Valle"]
[Date "2022.12.11"]
[Round "10.17"]
[White "Navia Alvarez, Edwin Adrian"]
[Black "Garces, Javier"]
[Result "1/2-1/2"]
[ECO "B60"]
[WhiteElo "2023"]
[BlackElo "1863"]
[Annotator "TA"]
[PlyCount "109"]
[EventDate "2022.12.05"]
[EventType "swiss"]
[EventCountry "COL"]
[SourceTitle "playchess.com"]
[Source "ChessBase"]
[SourceQuality "1"]
[TimeControl "5400+30"]

1. e4 c5 2. Nf3 d6 3. d4 cxd4 4. Nxd4 Nf6 5. Nc3 Nc6 6. Bg5 Qa5 (6... e6) 7. Bb5 Bd7 {[%emt 0:00:33] Strongly threatening ...Nxd4. B60: Sicilian: Richter-Rauzer: Unusual Black 6th moves and 6...Bd7 without 7 Qd2.} 8. Nb3 Qd8 9. O-O e6 {[%emt 0:01:12] White is slightly better.} 10. Kh1 {[%emt 0:00:29] [#]} Rc8 $146 ({Predecessor:} 10... a6 11. Bd3 Be7 12. a4 Rc8 13. f4 Qc7 14. Qe2 Nb4 15. Rad1 Nxd3 16. Rxd3 b5 17. axb5 axb5 {1-0 (31) Hrbolka,L-Vohnout,P Czech Republic 1996}) 11. f4 Be7 12. Bxf6 gxf6 (12... Bxf6 $14 13. Qxd6 Bxc3 14. bxc3 Qe7) 13. Qh5 $16 a6 14. Bd3 Nb4 15. Rae1 (15. Rad1 $142) 15... Nxd3 16. cxd3 b5 17. f5 e5 18. d4 b4 (18... Bc6 $16) 19. Nd5 $18 Bc6 20. Nxb4 {[%emt 0:01:13] White has more active pieces. Pair of Knights!} Bb5 21. Rg1 a5 22. Nd5 {[%emt 0:00:02] And now dxe5 would win.} a4 23. Nc1 exd4 $2 (23... Bc4 24. dxe5 fxe5) 24. Rd1 Rc2 25. b3 ({Don't take} 25. Rxd4 Qd7 26. Nd3 Qa7) 25... axb3 26. axb3 ({Weaker is} 26. Nxb3 Be2 27. Qh6 Bxd1 $18) 26... h6 27. Rxd4 Qc8 28. Qd1 Qc5 29. Rd2 (29. Rb4 $142 {[%cal Ob4b5] Hoping for Rxb5!} Bd8 30. Rxb5 $1 Rxc1 31. Qxc1 Qxb5 32. b4) 29... Rxd2 30. Qxd2 Bc6 31. Rd1 Bxd5 32. exd5 Kd7 (32... Bd8 $16 {was called for.} 33. b4 Qc4 34. Re1+ Kf8) 33. Ne2 $2 (33. Re1 $18 {has better winning chances.}) 33... Bd8 $16 34. Nc3 (34. Nd4 $16) 34... Ba5 $11 35. Na4 Bxd2 36. Nxc5+ dxc5 37. Rxd2 {[%emt 0:00:00][%mdl 4096] Endgame KR-KR} Rb8 {[%emt 0:00:00] ...c4 is the strong threat.} 38. Kg1 Rxb3 39. d6 (39. Ra2 $1 $11 {remains equal.}) 39... Rb4 ({Black should try} 39... c4 $17 40. Rd4 c3) 40. Rd5 $1 c4 41. Kf2 Rb6 (41... Rb2+ {seems wilder.} 42. Kf3 c3 43. Rc5 Rc2) 42. Ke3 {[%emt 0:00:00] Inhibits c3.} (42. Rc5 $15) 42... Rxd6 $2 (42... Rb2 $17 43. g4 Rxh2) 43. Rxd6+ $19 Kxd6 $17 {[%emt 0:00:00] KP-KP} 44. Kd4 c3 $1 45. Kxc3 $11 {[%emt 0:00:00] K3P-K3P} Ke5 46. Kd3 $2 {[%emt 0:00:00][%mdl 8192] Prevents h5.} ({Avoid the trap} 46. g4 $2 Kf4 47. Kd4 Kxg4 $19) (46. Kc4 $11) 46... Kxf5 {[%emt 0:00:00] K3P-KPP} 47. Ke3 {[%emt 0:00:00] [#]} Kg4 $1 48. Ke4 h5 49. Ke3 h4 $2 (49... f5 50. Ke2 f4 51. Ke1 f3 52. Kf2 fxg2 53. Kxg2 Kf4 54. Kf2 Ke4 55. Ke2 h4 56. Kf2 f6 57. Ke2 f5 58. Kf2 Kd3 59. Kf3 h3 60. Kf2 Kd2 61. Kf3 Ke1 62. Ke3 Kf1 63. Kf3 Kg1 64. Kg3 f4+ 65. Kf3 Kh1 66. Kg4 Kxh2 67. Kf3 Kg1 68. Kxf4 h2 69. Ke5 h1=Q 70. Kd6 Kf2 71. Kc5 Qe4 72. Kb5 Ke3 73. Kb6 Qe6+ 74. Kc5 Kd3 75. Kb5 Kd4 76. Ka4 Qb6 77. Ka3 Kc3 78. Ka4 Qb4#) 50. Ke4 $2 {[%emt 0:02:03][%mdl 8192] [#]} (50. Kf2 $11) 50... f5+ $1 51. Ke3 f6 $2 (51... f4+ {mates} 52. Kf2 f6 53. h3+ Kg5 54. Ke2 Kg6 55. Kf2 f5 56. Kf3 Kg5 57. Ke2 Kf6 58. Kf2 Ke6 59. Ke2 Kd5 60. Kf3 Ke5 61. Ke2 Ke4 62. Kf2 f3 63. gxf3+ Kf4 64. Kg2 Ke3 65. f4 Ke4 66. Kg1 Kf3 67. Kf1 Kg3 68. Ke2 Kxh3 69. Kf3 Kh2 70. Kf2 h3 71. Kf1 Kg3 72. Kg1 Kxf4 73. Kf2 Kg4 74. Kf1 Kg3 75. Ke2 h2 76. Kd3 h1=Q 77. Kd4 f4 78. Kd3 f3 79. Kd4 f2 80. Ke5 f1=Q 81. Kd6 Qf6+ 82. Kc5 Qhc6+ 83. Kb4 Qfc3#) 52. Ke2 $1 {[%emt 0:01:54] The position is equal.} f4 {[%emt 0:00:00][%cal Of4f3] ( -> ...f3+!)} 53. Kf2 {[%emt 0:00:14] Against f3} h3 54. gxh3+ Kxh3 55. Kf3 {[%emt 0:00:03] Quite a comeback for White.   Weighted Error Value: White=0.48/Black=0.36} 1/2-1/2

[Event "ITT 1st Parada Jamundi 2022"]
[Site "Jamundi Valle"]
[Date "2022.12.11"]
[Round "10.18"]
[White "Cortes Castro, Jhonny"]
[Black "Castro Castro, Joaquin"]
[Result "0-1"]
[ECO "B21"]
[WhiteElo "1954"]
[BlackElo "1797"]
[Annotator "TA"]
[PlyCount "40"]
[EventDate "2022.12.05"]
[EventType "swiss"]
[EventCountry "COL"]
[SourceTitle "playchess.com"]
[Source "ChessBase"]
[SourceQuality "1"]
[TimeControl "5400+30"]

1. e4 c5 2. f4 d5 3. e5 Nc6 4. h3 Bf5 5. Nf3 e6 6. d3 {[%emt 0:00:30] [#] B21: Sicilian: 2 f4 and Morra Gambit.} f6 $146 (6... Be7 $5 7. g3 h5 $11) ({Predecessor:} 6... h6 7. g4 Bh7 8. Bg2 Be7 9. c3 d4 10. c4 Qc7 11. O-O O-O-O 12. Na3 a6 {0-1 (39) Antonio,J (2277)-Koutlas,N (2337) Chess.com INT 2021}) 7. exf6 Nxf6 8. Qe2 {[%emt 0:00:30] Against c4. Black is slightly better.} Qd6 (8... h5 $17 9. Ng5 Qb6) 9. Nc3 {[%emt 0:00:30] Inhibits c4.} (9. g4 $11 Bg6 10. Bg2) 9... Nd4 10. Qf2 Nxf3+ 11. Qxf3 h5 {[%emt 0:00:30] Prevents g4.} 12. g3 O-O-O (12... Qb6 $5 ) 13. Bd2 Qb6 14. O-O-O {[%emt 0:00:30] [#]} Bd6 (14... d4 $1 $17 15. Nb1 (15. Ne4 c4 $17) 15... Qa6) 15. Bg2 $11 Kb8 16. Rhe1 Rc8 17. Re2 ({White should play} 17. Kb1 $15) 17... c4 {[%emt 0:00:30] And now ...cxd3 would win. Black is better.} 18. d4 Qa6 {[%emt 0:00:30] Black is much more active.} (18... Qxd4 $2 19. Be3 $18) 19. Rde1 Rhe8 20. a3 Bf8 {[%emt 0:00:30] Weighted Error Value: White=0.21 (precise) /Black=0.21 (precise)} 0-1

[Event "ITT 1st Parada Jamundi 2022"]
[Site "Jamundi Valle"]
[Date "2022.12.11"]
[Round "10.19"]
[White "Hernandez Pinzon, Helvert"]
[Black "Estrada Velandia, Henry Andres"]
[Result "1-0"]
[ECO "B15"]
[WhiteElo "1835"]
[BlackElo "1883"]
[Annotator "NA RC COMBH"]
[PlyCount "77"]
[EventDate "2022.12.05"]
[EventType "swiss"]
[EventCountry "COL"]
[SourceTitle "playchess.com"]
[Source "ChessBase"]
[SourceQuality "1"]
[TimeControl "5400+30"]

1. e4 c6 2. d4 d5 3. Nc3 e6 4. Nf3 f6 5. Bd3 Bb4 6. Bd2 Ne7 7. Qe2 O-O 8. h4 Nd7 (8... c5 $14) 9. g4 (9. O-O-O $16) 9... Nb6 (9... c5 $11) 10. O-O-O Bxc3 $16 (10... e5 $142) 11. Bxc3 Na4 12. Bd2 b5 13. e5 f5 14. gxf5 Nxf5 15. Rdg1 Kh8 16. Rg5 Bd7 17. Rhg1 Qe7 18. Bxf5 Rxf5 19. Rxg7 Qxg7 20. Rxg7 Kxg7 21. Ng5 Raf8 22. f4 h6 23. Nh3 Be8 24. Bb4 R8f7 25. b3 Nb6 26. Bc5 Nc8 27. Kd2 Kh7 28. c4 Rg7 29. cxd5 cxd5 30. Qf3 Bh5 31. Qd3 a6 32. a4 Rg2+ 33. Ke1 Be2 34. Qc3 Bg4 35. Bb4 Bh5 36. Qd3 Re2+ 37. Kf1 Re4 38. Bc5 Rf7 39. Qg3 1-0

[Event "ITT 1st Parada Jamundi 2022"]
[Site "Jamundi Valle"]
[Date "2022.12.11"]
[Round "10.20"]
[White "Vacca, Leonardo"]
[Black "Ramirez, Andres Felipe"]
[Result "0-1"]
[ECO "B33"]
[WhiteElo "2041"]
[BlackElo "1571"]
[Annotator "TA"]
[PlyCount "124"]
[EventDate "2022.12.05"]
[EventType "swiss"]
[EventCountry "COL"]
[SourceTitle "playchess.com"]
[Source "ChessBase"]
[SourceQuality "1"]
[TimeControl "5400+30"]

1. e4 c5 2. Nf3 Nc6 3. Nc3 e6 4. d4 cxd4 5. Nxd4 Nf6 6. Ndb5 d6 7. Bf4 e5 8. Be3 (8. Bg5 a6 9. Na3) 8... a6 9. Na3 b5 10. Nd5 Nxd5 11. Qxd5 Bb7 12. Be2 Be7 (12... Na5 $5 13. Qd3 d5 $15) 13. O-O {[%emt 0:00:59] B33: Sicilian: Pelikan and Sveshnikov Variations.} Qc7 14. Qd2 {[%emt 0:00:37] Inhibits Nd4.} O-O 15. c4 {[%emt 0:01:24] The position is equal.} b4 16. Nc2 a5 {[%emt 0:00:32] [#]} 17. Rfd1 $146 ({Predecessor:} 17. b3 Nd8 18. f3 Ne6 19. Rfb1 Bc6 20. Bf1 Rfb8 21. a3 bxa3 22. Nxa3 {1-0 (40) Bokros,I (2085)-Veres,I (2024) Hungary 2009}) 17... Nd8 18. f3 Ne6 19. Rac1 Rfb8 20. b3 Nc5 21. Rb1 Bc8 22. Kh1 Be6 23. Qe1 f5 24. Bxc5 Qxc5 25. exf5 $1 Bxf5 26. Bd3 Bxd3 27. Rxd3 Bg5 (27... Rf8 $142) 28. Rbd1 Ra6 29. Rd5 Qc7 30. c5 (30. Nd4 $16) 30... dxc5 $14 31. Rxe5 (31. Qe4 $16 Re6 32. Ne1) 31... h6 $11 32. Qg3 Rc6 33. f4 ({White should play} 33. Qe1 $11) 33... Bf6 $15 34. Red5 c4 {[%emt 0:06:17][%cal Oa5a4] Strongly threatening ...a4!} 35. Rd7 {[%emt 0:00:00] Prevents a4.} Qc8 ({Black should try} 35... Rd8 $15 36. Rxd8+ Bxd8) 36. Ne3 $11 ({Don't blunder} 36. Qg6 $2 cxb3 37. axb3 Rxc2 $19) 36... c3 $2 {[%emt 0:04:12] [#]} (36... cxb3 $11 37. Nd5 (37. axb3 Rc3 $17) 37... Qf8 38. axb3 Rd6 39. Nxf6+ Rxf6) 37. Nd5 $1 Qf8 $17 38. Qd3 Kh8 39. Ne3 (39. h3 $142) 39... Re8 $19 40. h3 Rcc8 {[%emt 0:06:32][%cal Oe8e3] And now ...Rxe3! would win.} 41. Ng4 c2 (41... Re6 $1 $19 {...c2 is the strong threat.} 42. Qc2 Rce8 43. Nxh6 R6e7 44. Rxe7 Qxe7) 42. Rc1 $11 Bb2 43. Rxc2 Re1+ (43... Rxc2 $5 44. Qxc2 Qxf4 $1 $15) 44. Kh2 {[%emt 0:00:00] Hoping for Rxc8.} Qxf4+ 45. g3 Rxc2+ 46. Qxc2 {[%emt 0:00:00] Rd8+ would kill now.} Qe4 $36 {[%emt 0:01:34][%mdl 2048] White is under pressure. Really sharp!} 47. Qxe4 Rxe4 {[%emt 0:00:07][%mdl 4096] Endgame KRB-KRN} 48. Kg2 Re2+ 49. Kf3 Rc2 50. Rd5 Ba3 51. Rxa5 Rxa2 52. h4 (52. Rd5 $11) 52... Rb2 $15 53. h5 (53. Ne5 $15 Rxb3+ 54. Kg4 h5+ 55. Kxh5 Rxg3 56. Nf7+ Kg8 57. Ng5) 53... Rxb3+ $17 54. Ke4 (54. Kf2 $17 {was worth a try.} Bb2 55. Rd5) 54... Rxg3 $19 55. Ne5 Bb2 $2 (55... Kh7 $19 {Threatens to win with ...Rg5.} 56. Nf3 Rg4+ 57. Kd3 Bb2) 56. Ng6+ (56. Ra8+ $17 Kh7 57. Ng6 Rxg6 58. hxg6+ Kxg6 59. Rb8) 56... Kg8 57. Ra7 {[%emt 0:00:00] [#]} (57. Rb5 $142) 57... Rg5 $1 58. Nf4 (58. Rb7 {is a better defense.}) 58... Bc3 {[%emt 0:01:10] aiming for ...b3.} 59. Rb7 Re5+ 60. Kf3 (60. Kd3 $142) 60... Bd2 {[%emt 0:01:08] Black is winning.} 61. Rb8+ Kh7 62. Ng6 Rxh5 {[%emt 0:00:16] Both players deserved the win here.   Weighted Error Value: White=0.39/Black=0.26 (precise)} 0-1

[Event "ITT 1st Parada Jamundi 2022"]
[Site "Jamundi Valle"]
[Date "2022.12.11"]
[Round "10.21"]
[White "Mata Zambrano, Luis Enrique"]
[Black "Hernandez Bermudez, Manuela"]
[Result "0-1"]
[ECO "D90"]
[WhiteElo "1544"]
[BlackElo "1815"]
[Annotator "NA RC COMBH"]
[PlyCount "86"]
[EventDate "2022.12.05"]
[EventType "swiss"]
[EventCountry "COL"]
[SourceTitle "playchess.com"]
[Source "ChessBase"]
[SourceQuality "1"]
[TimeControl "5400+30"]

1. d4 Nf6 2. c4 g6 3. Nc3 d5 4. cxd5 Nxd5 5. Bd2 Bg7 6. e4 Nb6 7. Nf3 O-O 8. Be3 Nc6 9. Qd2 f5 10. e5 Nb4 11. Rc1 Be6 12. Ng5 Qd7 13. Nxe6 Qxe6 14. a3 N4d5 15. Nxd5 Nxd5 16. Bc4 c6 17. O-O Rad8 18. Ba2 Qf7 19. f3 f4 20. Bf2 Kh8 21. Qa5 a6 22. Bh4 Rd7 23. Rfe1 e6 24. Bf2 g5 25. Bb1 Rg8 26. Qd2 Bf8 27. Be4 Qh5 28. h3 Ne7 29. Rc3 Qf7 30. Rb3 Ng6 31. Qc3 Ne7 32. Qc1 Nf5 33. Rd3 h5 34. b4 Ne7 35. Rf1 Nd5 36. Rb3 Qe8 37. Qd2 Qe7 38. Rfb1 Nb6 39. Qc1 Qd8 40. Rd3 Nd5 41. Qe1 Qa8 42. a4 Nc7 43. Qc1 Kg7 0-1

[Event "ITT 1st Parada Jamundi 2022"]
[Site "Jamundi Valle"]
[Date "2022.12.11"]
[Round "10.23"]
[White "Montoya Altamirano, Juan Pablo"]
[Black "Idrobo, Juan Manuel"]
[Result "1/2-1/2"]
[ECO "A41"]
[WhiteElo "1151"]
[BlackElo "1809"]
[Annotator "NA RC COMBH"]
[PlyCount "81"]
[EventDate "2022.12.05"]
[EventType "swiss"]
[EventCountry "COL"]
[SourceTitle "playchess.com"]
[Source "ChessBase"]
[SourceQuality "1"]
[TimeControl "5400+30"]

1. d4 d6 2. Bf4 Nd7 3. Nf3 c6 4. e3 Qc7 5. c3 e5 6. dxe5 dxe5 7. Bg3 Ngf6 8. Nbd2 b5 9. Bd3 Bc5 10. h3 O-O 11. O-O Bb7 12. Qc2 a5 13. Ne4 Nxe4 14. Bxe4 h6 15. Rfd1 Rad8 16. Rd2 Bd6 17. Rad1 Nf6 18. Nxe5 Nxe4 19. Qxe4 Rfe8 20. f4 c5 21. Qf5 f6 22. Bh4 Bxe5 23. Rxd8 Rxd8 24. Rxd8+ Qxd8 25. fxe5 Qd1+ 26. Qf1 Qxf1+ 27. Kxf1 fxe5 28. Bg3 e4 29. Bd6 c4 30. Kf2 Kf7 31. Kg3 Ke6 32. Bc5 g6 33. Kg4 Bc6 34. h4 Be8 35. Kf4 Bc6 36. g4 h5 37. g5 a4 38. a3 Bd5 39. Bd4 Bc6 40. Kg3 Kf5 41. Kh3 1/2-1/2

[Event "ITT 1st Parada Jamundi 2022"]
[Site "Jamundi Valle"]
[Date "2022.12.11"]
[Round "10.25"]
[White "Galan Palacio, Anjaly Daniela"]
[Black "Rodriguez, Juan Gabriel"]
[Result "1/2-1/2"]
[ECO "B31"]
[WhiteElo "1758"]
[BlackElo "1665"]
[Annotator "NA RC COMBH"]
[PlyCount "58"]
[EventDate "2022.12.05"]
[EventType "swiss"]
[EventCountry "COL"]
[SourceTitle "playchess.com"]
[Source "ChessBase"]
[SourceQuality "1"]
[TimeControl "5400+30"]

1. e4 c5 2. Nf3 Nc6 3. Bb5 g6 4. d4 cxd4 5. Bxc6 dxc6 6. Qxd4 Qxd4 7. Nxd4 Bg7 8. c3 Nf6 9. f3 Bd7 10. Be3 c5 11. Ne2 b6 12. Nd2 Bb5 13. Kf2 O-O 14. c4 Ba6 15. Rad1 Rad8 16. b3 Nd7 17. Nf4 e6 18. Nb1 Nb8 19. Ke2 Nc6 20. Rxd8 Rxd8 21. Rd1 Nd4+ 22. Bxd4 Rxd4 23. Rxd4 Bxd4 24. a4 Bb7 25. Na3 a6 26. Nd3 Bg1 27. g3 Bd4 28. Nc2 Bf6 29. a5 Bd8 1/2-1/2

[Event "ITT 1st Parada Jamundi 2022"]
[Site "Jamundi Valle"]
[Date "2022.12.11"]
[Round "10.27"]
[White "Sanchez Barreto, Josue Efrain"]
[Black "Contreras, Camilo Andres"]
[Result "1/2-1/2"]
[ECO "A80"]
[WhiteElo "1349"]
[BlackElo "1848"]
[Annotator "NA RC COMBH"]
[PlyCount "59"]
[EventDate "2022.12.05"]
[EventType "swiss"]
[EventCountry "COL"]
[SourceTitle "playchess.com"]
[Source "ChessBase"]
[SourceQuality "1"]
[TimeControl "5400+30"]

1. d4 f5 2. Nf3 Nf6 3. e3 e6 4. Bd3 b6 5. b3 Bb7 6. O-O g6 7. Bb2 Bg7 8. Nbd2 O-O 9. Qe2 Ne4 10. c4 d6 11. Rfd1 $11 Nd7 12. Nf1 Ndf6 13. Ng3 Nxg3 14. hxg3 Ng4 15. e4 Qe8 16. d5 e5 17. Ng5 Bc8 18. f3 Nf6 19. f4 Ng4 20. Re1 Bd7 21. Qd2 h6 22. Nf3 Qf7 23. fxe5 dxe5 24. exf5 Bxf5 25. Nxe5 Nxe5 26. Bxe5 Bxd3 27. Bxg7 Kxg7 28. Qxd3 Qf2+ 29. Kh2 Rf5 30. g4 1/2-1/2